 Dungeon Crawl Stone Soup version 0.31.0-9-g3a7656b989 (webtiles) character file.

Game seed: 4291953390911031401

259 Kenran the Chopper (level 6, -1/55 HPs)
             Began as a Gargoyle Berserker on Jan 27, 2024.
             Was a Follower of Trog.
             Killed by nerve-wracking pain
             ... invoked by an orc priest
              (3 damage)
             ... on level 3 of the Dungeon.
             The game lasted 00:06:13 (2572 turns).

Kenran the Chopper (Gargoyle Berserker)             Turns: 2572, Time: 00:06:14

Health: -1/55      AC: 10    Str: 23    XL:     6   Next: 17%
Magic:  6/6        EV: 10    Int:  7    God:    Trog [*.....]
Gold:   42         SH:  0    Dex:  9    Spells: 5/5 levels left

rFire   . . .        s - +0 war axe
rCold   . . .        (no shield)
rNeg    + . .        p - +0 scale mail
rPois   ∞            (no helmet)
rElec   +            (no cloak)
rCorr   .            (no gloves)
SInv    .            (no boots)
Will    .....        (no amulet) Stlth
                     (no ring)
HPRegen 0.29/turn    (no ring)
MPRegen 0.10/turn

%: no passive effects
@: berserking, very quick
A: sickness immunity, AC +4, negative energy resistance 1, electricity
resistance, torment resistance 1, petrification resistance
a: Renounce Religion, Berserk


You were on level 3 of the Dungeon.
You worshipped Trog.
Trog was aware of your devotion.
You visited 1 branch of the dungeon, and saw 3 of its levels.

You collected 126 gold pieces.
You spent 84 gold pieces at shops.

Inventory:

Hand Weapons
 s - a +0 war axe (weapon)
Missiles
 r - 5 poisoned darts (quivered)
Armour
 a - a +0 cloak
 p - a +0 scale mail (worn)
Scrolls
 b - a scroll of revelation {unknown}
 c - 3 scrolls of butterflies
 d - a scroll of noise {unknown}
 e - 2 scrolls of identify {unknown}
 f - a scroll of enchant weapon {unknown}
 i - 2 scrolls of vulnerability {unknown}
 j - a scroll of teleportation {unknown}
 l - a scroll of poison {unknown}
 o - a scroll of fear {unknown}
Potions
 g - a potion of might {unknown}
 h - 2 potions of mutation {unknown}
 k - 2 potions of heal wounds {@q2}
 m - a potion of enlightenment {unknown}
 n - 3 potions of curing {unknown}
 q - a potion of haste {unknown}


   Skills:
 - Level 3.2 Fighting
 + Level 6.1 Axes
 - Level 2.1 Armour
 - Level 1.5 Dodging


You had 5 spell levels left.
You didn't know any spells.
Your spell library was empty.

Dungeon Overview and Level Annotations

Branches:
Dungeon (3/15)

Altars:

Shops:
D:1 *(::[


Innate Abilities, Weirdness & Mutations

You are immune to sickness and miasma.
Your stone body is resilient. (AC +4)
You are immune to poison.
You resist negative energy. (rN+)
You are resistant to electric shocks. (rElec)
You are resistant to unholy torment.
You are immune to petrification.


Message History

Found a cloak. 2 orcs come into view.
The orc shouts!
An orc wizard comes into view. It is wielding a +0 dagger.
The orc moves out of view.
An orc priest comes into view. It is wielding a +0 whip.
You see here a +0 cloak.
a - a +0 cloak The orc priest shouts!
You slash the orc!
You kill the orc!
Trog accepts your kill.
You hit the orc but do no damage. The orc barely misses you.
The orc wizard casts a spell.
The orc wizard flickers and vanishes!
Deactivating autopickup; reactivate with Ctrl-A.
You hit the orc but do no damage. The orc hits you but does no damage.
You hit the orc but do no damage. The orc hits you but does no damage.
You barely miss the orc. The orc hits you with a +0 mace.
You slash the orc!
You kill the orc!
Trog accepts your kill.
You can now call upon Trog for regeneration and willpower.
The orc priest mumbles some strange prayers to Beogh against you.
Beogh smites you!
You barely miss the orc priest.
The orc priest mumbles some strange prayers to Beogh against you.
Beogh smites you!
* * * LOW HITPOINT WARNING * * *
A red film seems to cover your vision as you go berserk!
You feel yourself moving faster!
You feel mighty!
You can no longer call upon Trog for regeneration and willpower.
The orc priest calls down the wrath of Beogh upon you.
Pain shoots through your body!
* * * LOW HITPOINT WARNING * * *
You slash the orc priest!
The orc priest is heavily wounded.
The orc priest calls down the wrath of Beogh upon you.
Pain shoots through your body!
You die...

####################
#{o@................
......##################
###.. ## #. ##. # ###..
#.... #.#.. # #. ...##.
####.#. ###.###


You could see an orc priest.

Vanquished Creatures
  A kobold brigand (D:3)
  Natasha (thrice) (D:2)
  6 gnolls (D:3)
  An adder (D:3)
  A dart slug (D:1)
  A ribbon worm (D:2)
  2 orcs (D:3)
  2 endoplasms
  3 giant cockroaches
  2 goblins (D:2)
  3 hobgoblins (D:3)
  A jackal (D:2)
  9 kobolds
  A quokka (D:1)
  6 ball pythons
  3 bats
  4 frilled lizards
  2 rats
51 creatures vanquished.

Notes
Turn   | Place    | Note
-------+----------+-------------------------------------------
     0 | D:1      | Kenran the Gargoyle Berserker began the quest for the Orb.
     0 | D:1      | Reached XP level 1. HP: 14/14 MP: 1/1
    47 | D:1      | Found Tubabri's Antique Weapon Emporium.
   114 | D:1      | Reached skill level 3 in Axes
   129 | D:1      | Found Hovon Seoxt's Assorted Antiques.
   145 | D:1      | Reached XP level 2. HP: 12/19 MP: 2/2
   329 | D:1      | Found Yfromevo's Book Shoppe.
   373 | D:1      | Found Upriowusi's Armour Boutique.
   510 | D:1      | Found Ifoxkuzi's Book Shoppe.
  1119 | D:2      | Noticed Natasha
  1126 | D:2      | Killed Natasha
  1127 | D:2      | Reached skill level 4 in Axes
  1127 | D:2      | Reached XP level 3. HP: 21/23 MP: 3/3
  1539 | D:2      | Noticed Natasha
  1546 | D:2      | Killed Natasha
  1547 | D:2      | Reached XP level 4. HP: 28/28 MP: 4/4
  1563 | D:2      | Noticed Natasha
  1578 | D:2      | Killed Natasha
  1831 | D:3      | Reached skill level 5 in Axes
  1896 | D:3      | Reached XP level 5. HP: 32/32 MP: 5/5
  2260 | D:3      | Reached ** piety under Trog
  2308 | D:3      | Noticed a kobold brigand
  2308 | D:3      | Noticed a kobold brigand
  2347 | D:3      | Killed a kobold brigand
  2348 | D:3      | Reached skill level 6 in Axes
  2348 | D:3      | Reached XP level 6. HP: 33/37 MP: 6/6
  2442 | D:1      | Bought a war axe for 84 gold pieces
  2571 | D:3      | HP: 2/55 [orc priest/nerve-wracking pain (1)]
  2572 | D:3      | Killed from afar by an orc priest

Illustrated notes

Levels and vault maps discovered:
D:1:      onia_arrival_pyramid, layout_loops_ring, serial_shops,
          nicolae_shop_overgrown_old_shop, nicolae_book_shop_shelving,
          nicolae_shop_back_alley_shop, nicolae_shop_advertising_works
          [nicolae_subvault_shop_adworks], shop, serial_rivers,
          chequers_serial_rivers_marsh, chequers_serial_rivers_micro_a,
          chequers_serial_rivers_large_a, chequers_serial_rivers_micro_a,
          chequers_serial_rivers_micro_d, st_stairs_6
D:2:      layout_loops_ring, minmay_misc_feat_alley, minmay_indecisive_spiral,
          uniq_natasha
D:3:      cheibrodos_thug_alley, layout_loops_ring

Skill      XL: |  1  2  3  4  5 |
---------------+----------------+-----
Axes           | 3 4 5 6 |  6.1
Fighting       | |  3.2
Armour         | |  2.1
Dodging        | |  1.5

Action                     |  1- 3 |  4- 6 || total
---------------------------+-------+-------++-------
  Melee: Hand axe          |    88 |   127 ||   215
         Punch             |     1 |       ||     1
         War axe           |       |     8 ||     8
 Invoke: Berserk           |     2 |     3 ||     5
    Use: Scroll            |     1 |       ||     1
         Potion            |       |     1 ||     1
 Armour: Animal skin       |    12 |       ||    12
         Ring mail         |    21 |       ||    21
         Scale mail        |    21 |   104 ||   125
  Dodge: Dodged            |    55 |    72 ||   127
